 Dungeon Crawl Stone Soup version 0.29-a0-632-g781b4ac09e (webtiles) character file.

Game seed: 10835287404280048909

22 Glafi the Skirmisher (level 2, 0/27 HPs)
             Began as a Minotaur Fighter on June 19, 2022.
             Slain by Natasha (8 damage)
             ... on level 2 of the Dungeon.
             The game lasted 00:04:46 (434 turns).

Glafi the Skirmisher (Minotaur Fighter)              Turns: 434, Time: 00:04:47

Health: 0/27       AC:  7    Str: 20    XL:     2   Next: 68%
Magic:  1/1        EV:  9    Int:  5    God:
Gold:   23         SH:  4    Dex:  9    Spells: 1/1 levels left

rFire   . . .      SeeInvis .   a - +0 war axe
rCold   . . .      Faith    .   c - +0 buckler
rNeg    . . .      Spirit   .   b - +0 scale mail
rPois   .          Reflect  .   (helmet restricted)
rElec   .          Harm     .   (no cloak)
rCorr   .          Rampage  .   (no gloves)
Will    .....                   (no boots)
Stlth   ..........              (no amulet)
HPRegen 0.09/turn               (no ring)
MPRegen 0.07/turn               (no ring)

@: slowed, very slow
A: horns 2, retaliatory headbutt
a: no special abilities


You were on level 2 of the Dungeon.
You visited 1 branch of the dungeon, and saw 2 of its levels.

You collected 75 gold pieces.
You spent 52 gold pieces at shops.

Inventory:

Hand Weapons
 a - a +0 war axe (weapon)
 j - a +0 demon trident of freezing
Armour
 b - a +0 scale mail (worn)
 c - a +0 buckler (worn)
Scrolls
 f - a scroll of fog {unknown}
 g - a scroll of silence {unknown}
 h - 3 scrolls of identify
 i - a scroll of enchant weapon {unknown}
Potions
 d - a potion of might
 e - a potion of curing {unknown}


   Skills:
 * Level 4.1 Fighting
 + Level 2.6 Axes
 + Level 4.0 Armour
 + Level 3.9 Shields


You had one spell level left.
You didn't know any spells.
Your spell library contained the following spells:

 Spells                   Type           Power      Damage    Failure   Level
 Confusing Touch          Hex            0%         N/A       99%         3
 Yara's Violent Unravell  Hex/Tmut       0%         3d3       100%        5
 Enfeeble                 Hex            0%         N/A       100%        7


Dungeon Overview and Level Annotations

Branches:
Dungeon (2/15)

Altars:

Shops:
D:2 ?

Annotations:
D:2 Natasha


Innate Abilities, Weirdness & Mutations

You have a pair of horns on your head.
You reflexively headbutt those who attack you in melee.


Message History

You barely miss the adder. The adder closely misses you.
You furiously retaliate!
You headbutt the adder, but do no damage.
The adder completely misses you. You furiously retaliate!
You headbutt the adder! The adder attacks as you move away!
You block the adder's attack.
You closely miss the adder.
The adder is severely wounded.
The adder barely misses you. x2
You barely miss the adder.
The adder is severely wounded.
The adder bites you. The adder bites you but does no damage.
You slash the adder!
You kill the adder!
Natasha claws you.
Your Fighting skill increases to level 4!
Your Armour skill increases to level 4!
You hit Natasha.
Natasha is lightly wounded.
Natasha barely misses you.
You barely miss Natasha.
Natasha is lightly wounded.
Natasha stares at you and mumbles some strange words.
The magic dart hits you!
You slash Natasha!
Natasha is almost dead.
Natasha claws you.
* * * LOW HITPOINT WARNING * * *
Natasha casts a spell at you.
You feel yourself slow down.
You barely miss Natasha.
Natasha is almost dead.
Natasha closely misses you. You furiously retaliate!
You headbutt Natasha.
Natasha wildly gestures.
Natasha glows brightly for a moment.
You block Natasha's attack.
You hit Natasha but do no damage.
Natasha is almost dead.
Natasha barely misses you. Natasha claws you!
You die...

#..##.#..#
#..#..#..#
#..#.##..#
#..#.##..#
#####........#
#......#.#####
#.####.#.#
...###.####.#.#
#.....gh@.....#
..####.####.###
#......#
########


You could see Natasha and a hobgoblin.

Vanquished Creatures
  An adder (D:2)
  A dart slug (D:2)
  An endoplasm (D:1)
  A goblin (D:1)
  2 hobgoblins
  A kobold (D:1)
  2 ball pythons
  A frilled lizard (D:2)
  A rat (D:2)
11 creatures vanquished.

Notes
Turn   | Place    | Note
-------+----------+-------------------------------------------
     0 | D:1      | Glafi the Minotaur Fighter began the quest for the Orb.
     0 | D:1      | Reached XP level 1. HP: 19/19 MP: 0/0
   287 | D:1      | You fall into a shaft and drop 1 floor!
   306 | D:2      | Reached XP level 2. HP: 25/27 MP: 1/1
   337 | D:2      | Found Zicras's Magic Scroll Shop.
   351 | D:2      | Bought a scroll of identify for 26 gold pieces
   351 | D:2      | Bought a scroll of identify for 26 gold pieces
   423 | D:2      | Noticed Natasha
   434 | D:2      | Slain by Natasha

Illustrated notes

Levels and vault maps discovered:
D:1:      denvon_arrival_waterhouse, layout_basic
D:2:      layout_loops_cross, ebering_ecumenical_altar_sacrificial,
          serial_shops, nicolae_square_shop, basic_altar, uniq_natasha

Skill      XL: |  1  2 |
---------------+-------+-----
Fighting       | 4 |  4.1
Armour         | 4 |  4.0
Axes           | |  2.6
Shields        | |  3.9

Action                   || total
-------------------------++-------
Melee: War axe           ||    27
       Headbutt          ||     3
Armor: Scale mail        ||    11
Dodge: Dodged            ||    11
Block: Buckler           ||     5

Table legend: (Time is in decaauts)
 A = Elapsed time spent in this place.
 B = Non-inter-level travel time spent in this place.
 C = Inter-level travel time spent in this place.
 D = Time resting spent in this place.
 E = Time spent auto-exploring this place.
 F = Levels seen in this place.
 G = Mean time per level.
                   A        B        C        D        E       F      G
               +--------+--------+--------+--------+--------+-----+--------+
         Total |    445 |    445 |      0 |      0 |    343 |   2 |  222.5 |
       Dungeon |    445 |    445 |      0 |      0 |    343 |   2 |  222.5 |
               +--------+--------+--------+--------+--------+-----+--------+

Top non-repeatable levels by time:
     D:1: 290 daAuts
     D:2: 155 daAuts
